 Dungeon Crawl Stone Soup version 0.28-a0-895-g6e5f11bd55 (webtiles) character file.

Game seed: 2491086031678378089

19 horus123 the Cudgeller (level 2, 0/22 (24) HPs)
             Began as a Human Monk on Nov 22, 2021.
             Slain by a ball python (1 damage)
             ... on level 1 of the Dungeon.
             The game lasted 00:01:18 (1027 turns).

horus123 the Cudgeller (Human Monk)                 Turns: 1027, Time: 00:01:19

HP:   0/22 (24)     AC:  2    Str: 17    XL:     2   Next: 95%
MP:   2/2           EV: 13    Int: 10    God:
Gold: 35            SH:  0    Dex: 15    Spells: 1/1 levels left

rFire   . . .      SeeInvis .   a - +0 mace
rCold   . . .      Faith    .   (no shield)
rNeg    . . .      Spirit   .   b - +0 robe
rPois   .          Reflect  .   (no helmet)
rElec   .          Harm     .   (no cloak)
rCorr   .          Rampage  .   (no gloves)
Will    .....                   (no boots)
Stlth   ++........              d - amulet of magic regeneration
HPRegen 0.07/turn               g - +6 ring of strength
MPRegen 0.33/turn               (no ring)

@: attractive, drained
A: no striking features
a: no special abilities


You were on level 1 of the Dungeon.
You visited 1 branch of the dungeon, and saw 1 of its levels.

You collected 35 gold pieces.

Inventory:

Hand Weapons
 a - a +0 mace (weapon)
Armour
 b - a +0 robe (worn)
Magical Staves
 e - a staff of earth
Jewellery
 d - an amulet of magic regeneration (around neck)
 g - a +6 ring of strength (left hand)
Scrolls
 f - a scroll of enchant armour {unknown}
Potions
 c - a potion of attraction


   Skills:
 + Level 3.1 Fighting
 + Level 3.4 Maces & Flails
 + Level 3.2 Dodging
 + Level 2.2 Stealth


You had one spell level left.
You didn't know any spells.
Your spell library was empty.

Dungeon Overview and Level Annotations

Branches:
Dungeon (1/15)

Altars:


Message History

* * * LOW HITPOINT WARNING * * *
The ball python grabs you. The ball python constricts you.
* * * LOW HITPOINT WARNING * * *
You barely miss the ball python.
The ball python is moderately wounded.
The ball python bites you but does no damage.
The ball python constricts you.
* * * LOW HITPOINT WARNING * * *
The ball python bites you but does no damage.
The ball python constricts you.
* * * LOW HITPOINT WARNING * * *
It was a potion of attraction.
You feel attractive to monsters. The ball python bites you.
* * * LOW HITPOINT WARNING * * *
The ball python constricts you.
You escape the ball python's grasp.
The frilled lizard is attracted toward you.
The jackal is attracted toward you.
You feel stronger.
g - a +6 ring of strength (left hand)
You barely miss the ball python.
The ball python is moderately wounded.
The ball python bites you but does no damage.
The ball python grabs you. The ball python constricts you.
The ball python bites you.
* * * LOW HITPOINT WARNING * * *
The ball python constricts you.
* * * LOW HITPOINT WARNING * * *
You escape the ball python's grasp.
The frilled lizard is attracted toward you.
The jackal is attracted toward you.
A bat comes into view.
The bat barely misses you.
The frilled lizard is attracted toward you.
The jackal is attracted toward you.
You hit the bat.
The bat is moderately wounded.
The bat closely misses you. The ball python bites you.
You die...

...#...........
............... .
...........# .
.........### ......Jg.#
### .......lh.# ...
...........# ..#
...........#######..##
..........§§§hlS@....#
...........####...b:.#
.....................#
........##.#######....#
#.......##.# ......
.#.#.#.....###.# .#####
.....#.#.......... .
.................. #
.....#.#......####


You could see a jackal, a bat, a ball python and a frilled lizard.

Vanquished Creatures
  2 endoplasms (D:1)
  A giant cockroach (D:1)
  A goblin (D:1)
  2 hobgoblins (D:1)
  2 jackals (D:1)
  2 kobolds (D:1)
  A ball python (D:1)
  2 bats (D:1)
  2 frilled lizards (D:1)
  2 rats (D:1)
17 creatures vanquished.

Notes
Turn   | Place    | Note
-------+----------+-------------------------------------------
     0 | D:1      | horus123 the Human Monk began the quest for the Orb.
     0 | D:1      | Reached XP level 1. HP: 18/18 MP: 1/1
   278 | D:1      | Reached XP level 2. HP: 24/24 MP: 2/2
  1024 | D:1      | HP: 1/22 [constriction (1)]
  1027 | D:1      | Slain by a ball python

Illustrated notes

Levels and vault maps discovered:
D:1:      dpeg_cavernosity, layout_basic

Action                   || total
-------------------------++-------
Melee: Mace              ||    56
  Use: Potion            ||     1
 Stab: Sleeping          ||     6
Armor: Robe              ||    10
Dodge: Dodged            ||    46

Table legend: (Time is in decaauts)
 A = Elapsed time spent in this place.
 B = Non-inter-level travel time spent in this place.
 C = Inter-level travel time spent in this place.
 D = Time resting spent in this place.
 E = Time spent auto-exploring this place.
 F = Levels seen in this place.
 G = Mean time per level.
                   A        B        C        D        E       F      G
               +--------+--------+--------+--------+--------+-----+--------+
         Total |   1039 |   1039 |      0 |    266 |    615 |   1 | 1039.0 |
       Dungeon |   1039 |   1039 |      0 |    266 |    615 |   1 | 1039.0 |
               +--------+--------+--------+--------+--------+-----+--------+

Top non-repeatable levels by time:
     D:1: 1039 daAuts
